 Dungeon Crawl Stone Soup version 0.31-a0-268-g4392ee761c (webtiles) character file.

Game seed: 471111303315076014

58 qw the Shooter (level 4, -1/26 HPs)
             Began as a Gargoyle Hexslinger on July 14, 2023.
             Slain by a gnoll
             ... wielding a +0 flail
              (3 damage)
             ... on level 3 of the Dungeon.
             The game lasted 00:00:33 (1407 turns).

qw the Shooter (Gargoyle Hexslinger)                Turns: 1407, Time: 00:00:34

Health: -1/26      AC:  8    Str: 12    XL:     4   Next: 2%
Magic:  5/5        EV: 10    Int: 13    God:
Gold:   109        SH:  0    Dex: 14    Spells: 4/5 levels left

rFire   . . .        Y - +1 sling
rCold   + . .        (no shield)
rNeg    + . .        f - +0 ring mail of Somewhere Else {rC+}
rPois   inf          (no helmet)
rElec   +            (no cloak)
rCorr   .            (no gloves)
SInv    .            (no boots)
Will    .....        (no amulet)
Stlth   +            (no ring)
HPRegen 0.24/turn    (no ring)
MPRegen 0.09/turn

%: no passive effects
@: no status effects
A: sickness immunity, AC +3, negative energy resistance 1, electricity
resistance, torment resistance 1, petrification resistance
a: no special abilities


You were on level 3 of the Dungeon.
You visited 1 branch of the dungeon, and saw 3 of its levels.

You collected 109 gold pieces.


Innate Abilities, Weirdness & Mutations

You are immune to sickness and miasma.
Your stone body is resilient. (AC +3)
You are immune to poison.
You resist negative energy. (rN+)
You are resistant to electric shocks. (rElec)
You are resistant to unholy torment.
You are immune to petrification.


   Skills:
 - Level 2.1 Fighting
 + Level 3.7 Ranged Weapons
 - Level 1.5 Dodging
 - Level 1.0 Spellcasting
 - Level 2.6 Hexes


You had 4 spell levels left.
You knew the following spells:

 Your Spells              Type           Power      Damage    Failure   Level
a - Slow                  Hex            28%        N/A       22%         1

Your spell library contained the following spells:

 Spells                   Type           Power      Damage    Failure   Level
 Inner Flame              Hex/Fire       4%         N/A       73%         3
 Portal Projectile        Hex/Tloc       8%         N/A       73%         3
 Cause Fear               Hex            3%         N/A       91%         4

Inventory:

Hand Weapons
 Y - a +1 sling (weapon)
Armour
 f - the +0 ring mail of Somewhere Else (worn) {rC+}
   (You found it on level 2 of the Dungeon)

   rC:        It protects you from cold.
Scrolls
 a - a scroll of identify
Potions
 c - a potion of degeneration {unknown}
 d - a potion of cancellation {unknown}
 e - a potion of resistance {unknown}
 h - a potion of ambrosia {unknown}
 i - a potion of might {unknown}

Dungeon Overview and Level Annotations

Branches:
Dungeon (3/15)

Altars:

Shops:
D:1 (=[


Message History

An endoplasm comes into view.
You shoot a sling bullet.
The sling bullet closely misses the gnoll.
The sling bullet hits the gnoll.
The gnoll is moderately wounded.
The gnoll barely misses you.
You shoot a sling bullet.
The sling bullet closely misses the gnoll.
The sling bullet hits the gnoll.
The gnoll is severely wounded.
The gnoll hits you but does no damage. The gnoll closely misses you. x2
The gnoll hits you but does no damage.
You shoot a sling bullet. The sling bullet hits the gnoll.
The gnoll is moderately wounded.
The gnoll completely misses you. The gnoll closely misses you.
You shoot a sling bullet.
The sling bullet barely misses the gnoll.
The sling bullet closely misses the gnoll.
The sling bullet barely misses the gnoll.
The gnoll barely misses you. The gnoll hits you but does no damage.
You shoot a sling bullet. The sling bullet hits the gnoll.
The gnoll is heavily wounded.
The gnoll hits you but does no damage. The gnoll closely misses you. x2
The gnoll hits you with a +0 flail.
You shoot a sling bullet.
The sling bullet hits the gnoll but does no damage.
The gnoll is heavily wounded.
The gnoll hits you with a +0 flail. The gnoll barely misses you.
You shoot a sling bullet. The sling bullet hits the gnoll.
The gnoll is severely wounded.
The gnoll hits you but does no damage.
The gnoll hits you from afar with a +0 spear.
You shoot a sling bullet.
The sling bullet barely misses the gnoll. x2
The sling bullet closely misses the gnoll.
The gnoll misses you.
The gnoll hits you from afar with a +0 spear.
The gnoll hits you from afar with a +0 spear!
The gnoll hits you with a +0 flail.
You die... ######### .......# ......# ...>.# ..g.# Jgg

########### #g#
#.........# #@#
#.........# #.#
#........)# #.#.#
#.........####.#.#
#................#
#...............##
#...............+
#...............#
###...............#


You could see 4 gnolls and an endoplasm.

Vanquished Creatures
  2 adders (D:3)
  A worm (D:2)
  A dart slug (D:3)
  4 ball pythons
  4 endoplasms
  5 goblins
  4 hobgoblins
  4 kobolds
  A quokka (D:2)
  2 bats
  4 frilled lizards
  A rat (D:1)
33 creatures vanquished.

Notes
Turn   | Place    | Note
-------+----------+-------------------------------------------
     0 | D:1      | qw the Gargoyle Hexslinger began the quest for the Orb.
     0 | D:1      | Reached XP level 1. HP: 12/12 MP: 2/2
     0 | D:1      | 0 ||| qw: Version: 0.3-a-52-g30416fa
     0 | D:1      | 0 ||| qw: Game counter: 7920
     0 | D:1      | 0 ||| qw: Melee chars always use a shield: true
     0 | D:1      | 0 ||| qw: God list: Okawaru
     0 | D:1      | 0 ||| qw: Allow faded altars: false
     0 | D:1      | 0 ||| qw: Do Orc after clearing Dungeon:15 true
     0 | D:1      | 0 ||| qw: Do second Lair branch before Depths: true
     0 | D:1      | 0 ||| qw: Lair rune preference: random
     0 | D:1      | 0 ||| qw: Goals: Normal
     0 | D:1      | 0 ||| PLANNING D:1-11
    32 | D:1      | Found Xaam's Antique Armour Emporium.
    41 | D:1      | 41 ||| SHOPLISTING glowing robe (96 gold, have 15).
    41 | D:1      | 41 ||| SHOPLISTING leather armour (52 gold, have 15).
    41 | D:1      | 41 ||| SHOPLISTING pair of boots (117 gold, have 15).
    41 | D:1      | 41 ||| SHOPLISTING ring mail (104 gold, have 15).
   136 | D:1      | Reached XP level 2. HP: 16/16 MP: 3/3
   187 | D:1      | Found Plog's Weapon Shoppe.
   201 | D:1      | Reached skill level 3 in Ranged Weapons
   218 | D:1      | 218 ||| SHOPLISTING +2 shortbow of draining (208 gold, have
                  | 27).
   275 | D:1      | Found Duduamn's Jewellery Boutique.
   278 | D:1      | 278 ||| SHOPLISTING amulet of faith (400 gold, have 38).
   278 | D:1      | 278 ||| SHOPLISTING amulet of the acrobat (300 gold, have
                  | 38).
   278 | D:1      | 278 ||| SHOPLISTING ring of see invisible (150 gold, have
                  | 38).
   481 | D:1      | 481 ||| UPGRADING to +0 ring mail.
   491 | D:1      | 491 ||| DROPPING +0 robe.
   492 | D:1      | 492 ||| READING 2 scrolls labelled LETHRA RUGHUN.
   493 | D:1      | 493 ||| READING scroll labelled MONEHIPSY BIYSU.
   494 | D:1      | 494 ||| DROPPING scroll of poison.
   761 | D:2      | Reached XP level 3. HP: 21/21 MP: 4/4
   978 | D:2      | Identified the +0 ring mail of Somewhere Else {rC+}
  1113 | D:2      | 1113 ||| UPGRADING to +0 ring mail of Somewhere Else {rC+}.
  1123 | D:2      | 1123 ||| DROPPING +0 ring mail.
  1124 | D:2      | 1124 ||| READING scroll labelled ULOQOE TOES.
  1225 | D:2      | 1225 ||| READING scroll labelled INUWAU ZAMPAU.
  1368 | D:3      | Reached XP level 4. HP: 24/26 MP: 5/5
  1407 | D:3      | HP: 2/26 [gnoll/+0 spear (8)]
  1407 | D:3      | Slain by a gnoll

Levels and vault maps discovered:
D:1:      scummos_arrival_checkerplants, layout_rooms, serial_shops, shop,
          nicolae_shop_tiny_real_fake_doors, nicolae_shop_advertising_works
          [nicolae_subvault_shop_adworks], minmay_tromino_v4_c
D:2:      layout_loops_ring
D:3:      layout_basic, uniq_ijyb, uniq_natasha

Skill      XL: |  1  2  3 |
---------------+----------+-----
Ranged Weapons | 3 |  3.7
Fighting       | 2 |  2.1
Dodging        | |  1.5
Spellcasting   | |  1.0
Hexes          | |  2.6

Action                     |  1- 3 |  4- 6 || total
---------------------------+-------+-------++-------
   Fire: Sling             |   121 |    10 ||   131
    Use: Scroll            |     4 |       ||     4
 Armour: Robe              |     5 |       ||     5
         Ring mail         |    27 |     5 ||    32
  Dodge: Dodged            |    29 |    10 ||    39

Table legend:
 A = Non-vault XP
 B = Vault XP
 C = Vault XP percentage of total XP
 D = Non-vault monster count
 E = Vault monster count
 F = Vault count percentage of total count
                 A         B        C        D         E       F
            +---------+---------+-------+---------+---------+-------
      Total |      81 |       3 |   3.6 |      31 |       2 |   6.1
            +---------+---------+-------+---------+---------+-------
        D:1 |      18 |       3 |  14.3 |      11 |       2 |  15.4
        D:2 |      25 |       0 |   0.0 |      13 |       0 |   0.0
        D:3 |      38 |       0 |   0.0 |       7 |       0 |   0.0
            +---------+---------+-------+---------+---------+-------
